 Dungeon Crawl Stone Soup version 0.31-a0-841-g038b102fc3 (webtiles) character file.

Game seed: 17486095183472849496

2982 Kurtz the Cleaver (level 9, -3/56 HPs)
             Began as an Octopode Fighter on Sept 27, 2023.
             Was a Priest of Okawaru.
             Slain by a two-headed ogre
             ... wielding a +0 dire flail
              (23 damage)
             ... on level 7 of the Dungeon.
             The game lasted 00:08:25 (6408 turns).

Kurtz the Cleaver (Octopode Fighter)                Turns: 6408, Time: 00:08:26

Health: -3/56      AC:  1    Str: 18    XL:     9   Next: 83%
Magic:  21/21      EV: 13    Int: 16    God:    Okawaru [***...]
Gold:   430        SH:  4    Dex: 13    Spells: 11/12 levels left

rFire   + . .        u - +4 flail (drain)
rCold   + + .        b - +0 buckler
rNeg    . . .        (helmet restricted)
rPois   .            (no amulet)
rElec   .            l - ring of protection from cold
rCorr   .            m - ring of protection from cold
SInv    .            c - ring of fire
Will    .....        p - +6 ring of intelligence
Stlth   +++          d - ring of wizardry
HPRegen 0.29/turn    w - ring of protection from cold
MPRegen 0.17/turn    t - ring of magical power
                     (no ring)

%: wizardry (x1)
@: no status effects
A: almost no armour, amphibious, 8 rings, camouflage 1, gelatinous body 1,
(nimble swimmer 1), tentacles
a: Renounce Religion, Heroism


You were on level 7 of the Dungeon.
You worshipped Okawaru.
Okawaru was most pleased with you.
You visited 2 branches of the dungeon, and saw 8 of its levels.

You collected 430 gold pieces.

Inventory:

Hand Weapons
 q - a +0 broad axe
 u - a +4 flail of draining (weapon)
Missiles
 h - 15 poisoned darts (quivered)
 o - 3 boomerangs
Armour
 b - a +0 buckler (worn)
Jewellery
 c - a ring of fire (on tentacle)
 d - a ring of wizardry (on tentacle)
 l - a ring of protection from cold (left tentacle)
 m - a ring of protection from cold (right tentacle)
 p - a +6 ring of intelligence (on tentacle)
 t - a ring of magical power (on tentacle)
 w - a ring of protection from cold (on tentacle)
 y - a ring of ice
 B - a ring of ice
Wands
 k - a wand of mindburst (10)
 x - a wand of quicksilver (19)
 A - a wand of flame (5)
Scrolls
 e - 8 scrolls of identify {unknown}
 f - a scroll of brand weapon {unknown}
 i - 3 scrolls of teleportation {unknown}
 j - 4 scrolls of fear {unknown}
 n - a scroll of enchant weapon {unknown}
 r - 4 scrolls of fog {unknown}
 s - a scroll of immolation {unknown}
Potions
 g - 2 potions of curing
 v - a potion of magic {unknown}
 z - a potion of brilliance {unknown}


   Skills:
 - Level 3.0 Fighting
 * Level 12.0 Axes
 - Level 3.2 Dodging
 - Level 2.0 Stealth
 - Level 3.0 Shields
 * Level 2.0 Spellcasting
 * Level 2.0 Necromancy
 * Level 4.6 Invocations


You had 11 spell levels left.
You knew the following spells:

 Your Spells              Type           Power      Damage    Failure   Level
a - Necrotise             Necr           32%        1d5       4%          1

Your spell library contained the following spells:

 Spells                   Type           Power      Damage    Failure   Level
 Apportation              Tloc           2%         N/A       11%         1
 Eringya's Noxious Bog    Tmut/Pois      0%         4d6       100%        6
 Summon Small Mammal      Summ           Unusable   N/A       N/A         1
 Summon Forest            Summ/Tloc      Unusable   N/A       N/A         5
 Summon Hydra             Summ           Unusable   N/A       N/A         7

Dungeon Overview and Level Annotations

Branches:
Dungeon (7/15)             Temple (1/1) D:4

Altars:
Ashenzari
Cheibriados
Dithmenos
Elyvilon
Fedhas
Gozag
Hepliaklqana
Kikubaaqudgha
Makhleb
Nemelex Xobeh
Okawaru
Qazlal
Ru
Sif Muna
Trog
Uskayaw
Vehumet
Wu Jian
Xom
Yredelemnul
Zin
The Shining One

Shops:
D:2 (

Annotations:
D:6 1 runed translucent door, exclusion: downstairs, Crazy Yiuf
D:7 exclusion: door


Innate Abilities, Weirdness & Mutations

You cannot wear most types of armour.
You are amphibious.
You can wear up to eight rings at the same time.
Your skin changes colour to match your surroundings (Stealth+).
Your rubbery body absorbs attacks. (AC +1, EV +1)
((You are camouflaged when in or above water. (Stealth+)))
You have tentacles for arms and can constrict up to eight enemies at once.


Message History

Items here: )) [[ †.
You barely miss the orc priest.
The orc priest shouts!
Your grab misses the orc priest. You squeeze the orc priest!
The orc priest is severely wounded.
The orc priest calls down the wrath of Beogh upon you.
Pain shoots through your body!
You closely miss the orc priest. Your grab misses the orc priest.
You squeeze the orc priest.
The orc priest is almost dead.
The orc priest hits you with a +0 falchion!
You barely miss the orc priest. Your grab misses the orc priest.
Your tentacle-slap misses the orc priest.
The orc priest is almost dead.
The orc priest calls down the wrath of Beogh upon you.
Beogh smites you!
You hit the orc priest.
You kill the orc priest!
Okawaru accepts your kill.
The orc wizard hits you with a +0 dagger.
Your Axes skill increases to level 12!
You hit the orc wizard. Your grab misses the orc wizard.
The orc wizard is lightly wounded.
The orc wizard hits you with a +0 dagger.
You closely miss the orc wizard. Your grab misses the orc wizard.
Your squeeze misses the orc wizard.
The orc wizard is lightly wounded.
The orc wizard casts a spell at you.
You are confused.
You feel better.
You hit the orc. You drain the orc. You grab the orc. You squeeze the orc.
You kill the orc!
Okawaru accepts your kill. The orc wizard misses you.
Unknown command.
The orc wizard barely misses you.
The two-headed ogre attacks as it pursues you!
The two-headed ogre hits you with a +0 dire flail!!
The two-headed ogre hits you with a +0 giant club!!
You die...

# #............#####....+
###.#.....)....##..##..##
##..#..........#....'#'#
##.##..........#....##...
##.##..........##..##.F...#
##.##..........##'## ...F.$#
#
....#.#.########..##(..8..!#
##
..†...........#....#[...l.(#
#.
..#...........'.@o)##...o.##
## ..............##.O#'# #.
..#............####o.# ##
...........^.....# .o.#
................## ...+
#..####.........# ..## #.##
#.........# ### ..#
#.........# ### #.........#


You could see a two-headed ogre and an orc wizard.

Vanquished Creatures
  Maggie (D:6)
  Eustachio (D:6)
  3 steam dragons
  Edmund (D:6)
  A water moccasin (D:6)
  Pargi (D:3)
  A sky beast (D:7)
  2 ice beasts
  2 ogres
  A centaur (D:7)
  2 phantoms
  2 bullfrogs
  2 scorpions (D:6)
  3 killer bees (D:7)
  4 howler monkeys
  An orc priest (D:7)
  4 hounds
  2 jellies
  5 iguanas
  5 orc wizards
  4 gnolls (D:5)
  8 adders
  2 ufetubi
  2 dart slugs
  25 orcs
  3 bats
  11 endoplasms
  2 giant cockroaches
  5 goblins
  9 hobgoblins
  3 quokkas
  8 ball pythons
  4 frilled lizards
  8 kobolds
  5 rats
143 creatures vanquished.

Notes
Turn   | Place    | Note
-------+----------+-------------------------------------------
     0 | D:1      | Kurtz the Octopode Fighter began the quest for the Orb.
     0 | D:1      | Reached XP level 1. HP: 16/16 MP: 1/1
    46 | D:1      | Reached XP level 2. HP: 7/21 MP: 2/2
    63 | D:1      | Reached skill level 3 in Axes
   436 | D:1      | Found a faded altar of an unknown god.
   825 | D:2      | Reached XP level 3. HP: 26/26 MP: 3/3
   838 | D:2      | Found Vuoshrixt's Weapon Emporium.
   897 | D:2      | Found the +2 ratskin cloak {*Rats rPois rN+ Str-1 Int-1
                  | Dex+1}
  1100 | D:2      | Reached skill level 4 in Axes
  1479 | D:2      | Reached XP level 4. HP: 28/31 MP: 4/4
  1701 | D:3      | Noticed Pargi
  1719 | D:3      | Killed Pargi
  1720 | D:3      | Reached skill level 5 in Axes
  1720 | D:3      | Reached XP level 5. HP: 7/36 MP: 5/5
  2072 | D:4      | Reached skill level 6 in Axes
  2091 | D:4      | Reached XP level 6. HP: 42/42 MP: 6/6
  2098 | D:5      | Entered Level 5 of the Dungeon
  2313 | D:4      | Found a staircase to the Ecumenical Temple.
  2396 | Temple   | Entered the Ecumenical Temple
  2402 | Temple   | Became a worshipper of Warmaster Okawaru
  2583 | D:3      | Found an opulent altar of Gozag.
  3149 | D:4      | Reached skill level 7 in Axes
  3149 | D:4      | Reached XP level 7. HP: 46/46 MP: 7/7
  3197 | D:4      | Noticed a steam dragon
  3221 | D:4      | Killed a steam dragon
  3221 | D:4      | Reached * piety under Okawaru
  3222 | D:4      | Reached skill level 1 in Stealth
  3222 | D:4      | Reached skill level 1 in Invocations
  3921 | D:5      | Reached skill level 8 in Axes
  4229 | D:5      | Reached XP level 8. HP: 44/52 MP: 9/9
  4488 | D:6      | Learned a level 1 spell: Necrotise
  4578 | D:6      | Noticed Edmund
  4588 | D:6      | Killed Edmund
  4588 | D:6      | Reached ** piety under Okawaru
  4676 | D:6      | Reached skill level 9 in Axes
  4720 | D:6      | Noticed Maggie
  4733 | D:6      | Killed Maggie
  4739 | D:6      | Reached skill level 10 in Axes
  4918 | D:6      | Noticed Eustachio
  4945 | D:6      | Killed Eustachio
  5145 | D:6      | Reached XP level 9. HP: 52/56 MP: 11/11
  5391 | D:6      | Reached *** piety under Okawaru
  5698 | D:6      | Found a runed translucent door.
  5699 | D:6      | Noticed Crazy Yiuf
  5882 | D:7      | Reached skill level 11 in Axes
  5882 | D:7      | Reached skill level 1 in Spellcasting
  5889 | D:7      | Reached skill level 1 in Necromancy
  6047 | D:7      | Noticed a komodo dragon
  6227 | D:6      | Identified the +1 robe of Absence {rPois rCorr Str-2 SInv}
  6388 | D:7      | Noticed a two-headed ogre
  6404 | D:7      | Reached skill level 12 in Axes
  6408 | D:7      | Slain by a two-headed ogre

Illustrated notes

Levels and vault maps discovered:
D:1:      minmay_arrival_four_loops, layout_rooms,
          ebering_ecumenical_altar_petrified
D:2:      kb_forest_paths, layout_basic, serial_shops, shop_statue,
          minmay_box_of_dots
D:3:      layout_loops_ring, mainiacjoe_overflow_boulevard, uniq_pargi
D:4:      layout_rooms, minmay_temple_entry_fiery
D:5:      layout_basic
D:6:      layout_loops_corners, uniq_maggie, uniq_crazy_yiuf_cottage,
          uniq_edmund, uniq_eustachio
D:7:      minmay_bubble_buster, layout_rooms, minmay_lizard_king
Temple:   compressed_dpeg_circular_temple

Skill      XL: |  1  2  3  4  5  6  7  8  9 |
---------------+----------------------------+-----
Axes           | 3 4 5 6 7 8 10 12 | 12.0
Stealth        | 2 |  2.0
Invocations    | 2 3 4 |  4.6
Spellcasting   | 2 |  2.0
Necromancy     | 2 |  2.0
Fighting       | |  3.0
Dodging        | |  3.2
Shields        | |  3.0

Action                     |  1- 3 |  4- 6 |  7- 9 || total
---------------------------+-------+-------+-------++-------
  Melee: War axe           |    53 |    90 |    57 ||   200
         Constrict         |    10 |    17 |    28 ||    55
         Tentacles         |     7 |    19 |    48 ||    74
         Punch             |       |     1 |       ||     1
         Flail             |       |       |   100 ||   100
  Throw: Dart              |       |     8 |     1 ||     9
   Cast: Necrotise         |       |       |     5 ||     5
 Invoke: Heroism           |       |       |     3 ||     3
  Evoke: Wand              |       |       |    14 ||    14
    Use: Potion            |       |     4 |     6 ||    10
   Stab: Sleeping          |     7 |     8 |     6 ||    21
         Distracted        |       |     1 |       ||     1
 Armour: Skin              |    24 |    55 |    82 ||   161
  Dodge: Dodged            |    48 |    65 |    86 ||   199
  Block: Buckler           |    21 |    22 |    24 ||    67

Table legend: (Time is in decaauts)
 A = Elapsed time spent in this place.
 B = Non-inter-level travel time spent in this place.
 C = Inter-level travel time spent in this place.
 D = Time resting spent in this place.
 E = Time spent auto-exploring this place.
 F = Levels seen in this place.
 G = Mean time per level.
                   A        B        C        D        E       F      G
               +--------+--------+--------+--------+--------+-----+--------+
         Total |   6436 |   6140 |    296 |   1214 |   3887 |   8 |  804.5 |
       Dungeon |   6423 |   6134 |    289 |   1214 |   3887 |   7 |  917.6 |
        Temple |     12 |      6 |      6 |      0 |      0 |   1 |   12.0 |
               +--------+--------+--------+--------+--------+-----+--------+

Top non-repeatable levels by time:
     D:6: 1690 daAuts
     D:5: 1135 daAuts
     D:3: 858 daAuts
     D:1: 815 daAuts
     D:2: 783 daAuts
     D:4: 777 daAuts
     D:7: 363 daAuts
  Temple: 12 daAuts
